Map: Pillars of Gold LE

Players

Massa

  • Race: Terran Terran
  • League: Platinum
  • Spawn Location: 7:00

OnlyFrans - Winner!

  • Race: Protoss Protoss
  • League: Platinum
  • Spawn Location: 1:00

VOD

Have the link to the VOD?

Description

Time

  • Played on: Jan. 23, 2021, 6:08 a.m.
  • Length: 12:48
Show
View Real Time Build Order
Export as new Build Order

Massa Terran 

Build Orders:  

Get SALT Encoding   

  12  0:00  SCV  
  13  0:12  SCV  
  14  0:18  Supply Depot  
  14  0:24  SCV  
  15  0:39  SCV  
  15  0:41  Barracks  
  16  0:45  Refinery  
  16  0:51  SCV  
  17  1:04  SCV  
  18  1:16  SCV  
  19  1:41  Orbital Command  
  19  1:44  Barracks Reactor  
  19  1:50  Command Center  
  19  2:10  SCV  
  20  2:24  Marine x2  
  20  2:28  SCV  
  23  2:40  Factory  
  23  2:42  Supply Depot  
  23  3:01  Marine x2  
  23  3:03  Orbital Command  
  23  3:05  SCV  
  26  3:08  Bunker  
  26  3:14  Supply Depot  
  26  3:17  SCV  
  26  3:19  Marine  
  27  3:25  Bunker  
  27  3:28  Marine  
  27  3:29  Hellion  
  30  3:37  Marine  
  30  3:40  Starport  
  31  3:45  Refinery, SCV x2  
  33  3:48  Marine  
  33  3:55  Marine  
  35  4:01  Barracks  
  35  4:02  Factory Tech Lab  
  35  4:07  Marine  
  35  4:08  SCV x2  
  38  4:13  Marine  
  42  4:24  Marine, Siege Tank  
  42  4:25  Starport Tech Lab  
  42  4:27  SCV x2  
  42  4:30  Marine  
  46  4:39  SCV x2  
  45  4:47  Banshee  
  43  5:08  Cyclone  
  43  5:09  Engineering Bay  
  43  5:10  SCV  
  43  5:11  SCV  
  48  5:15  Barracks Tech Lab  
  48  5:33  Cloaking Field  
  48  5:35  Marine  
  48  5:36  Marine x2  
  48  5:39  SCV  
  52  5:44  SCV  
  50  5:51  SCV  
  50  5:53  Marine x2  
  50  5:54  Marine  
  50  6:11  Marine x3  
  53  6:25  Missile Turret  
  53  6:27  Missile Turret  
  53  6:29  Missile Turret  
  53  6:31  SCV  
  53  6:32  Missile Turret  
  54  6:35  Supply Depot  
  54  6:42  Supply Depot x2  
  54  6:52  SCV, Medivac  
  54  6:57  SCV  
  54  7:04  SCV  
  41  7:09  SCV  
  41  7:10  Siege Tank  
  41  7:11  Marine  
  41  7:12  Marine x2  
  41  7:17  SCV  
  41  7:21  SCV  
  43  7:28  Barracks, Raven  
  43  7:29  SCV, Marine  
  47  7:30  Marine x2  
  47  7:33  SCV  
  50  7:37  Missile Turret  
  50  7:38  Barracks  
  50  7:41  Barracks  
  50  7:47  Marine x3, Terran Infantry Weapons Level 1  
  53  7:56  Refinery  
  53  7:57  SCV x2  
  55  8:05  Cyclone, Marine x2  
  59  8:07  Marine  
  61  8:16  Marine  
  62  8:22  Medivac  
  62  8:23  Marine x2  
  62  8:25  Marine  
  67  8:30  Barracks Reactor  
  67  8:34  Marine  
  66  8:43  Cyclone  
  66  8:44  Marine x4  
  73  8:52  Marine  
  74  9:03  Factory  
  74  9:04  Factory  
  74  9:18  Supply Depot x2  
  74  9:19  Supply Depot  
  74  9:20  Factory Tech Lab, Marine x4  
  74  9:22  Supply Depot  
  78  9:39  Marine x3  
  78  9:40  Medivac  
  85  9:47  Barracks Tech Lab  
  85  9:49  Barracks Tech Lab  
  85  9:50  Factory Tech Lab  
  85  9:51  Factory Tech Lab  
  83  9:57  Marine  
  84  10:02  Cyclone  
  84  10:03  Marine x3  
  90  10:15  Marine  
  90  10:20  Medivac  
  90  10:21  Marine x3  
  96  10:29  Widow Mine x2, Armory  
  96  10:33  Refinery, Marine  
  101  10:38  Marine  
  102  10:45  Stimpack  
  102  10:46  Barracks Tech Lab  
  102  10:48  Barracks Reactor  
  102  10:50  Widow Mine x2  
  102  10:51  Marine, Command Center, Concussive Shells  
  107  11:02  Widow Mine  
  109  11:12  SCV  
  110  11:22  Drilling Claws  
  110  11:23  Supply Depot  
  110  11:25  Supply Depot  
  110  11:45  Widow Mine x2, SCV x2  
  110  11:46  Thor  
  122  11:53  Supply Depot  
  114  11:54  Supply Depot  
  114  11:57  SCV x2  
  82  12:07  Marine x2  
  82  12:08  Marine x5  
  59  12:25  Marine x7  
Show
View Real Time Build Order
Export as new Build Order

OnlyFrans Protoss - Winner!

Build Orders: 1 Gate Expand, Double Forge, Oracle Opening 

Get SALT Encoding   

  12  0:00  Probe  
  13  0:12  Probe  
  14  0:23  Pylon  
  14  0:24  Probe  
  15  0:41  Probe  
  15  0:42  Gateway  
  16  0:44  Assimilator  
  16  0:53  Probe (Chrono Boost)  
  17  1:02  Probe (Chrono Boost)  
  18  1:07  Probe (Chrono Boost)  
  19  1:19  Probe  
  20  1:29  Cybernetics Core  
  20  1:40  Nexus  
  20  1:42  Probe  
  21  1:56  Pylon  
  21  2:05  Stalker  
  23  2:25  Assimilator  
  23  2:28  Stargate  
  23  2:29  Probe  
  24  2:41  Probe (Chrono Boost)  
  25  2:44  Warp Gate  
  25  2:51  Probe (Chrono Boost)  
  26  2:55  Probe (Chrono Boost)  
  26  2:56  Probe (Chrono Boost)  
  28  3:07  Probe  
  28  3:12  Probe  
  30  3:17  Pylon  
  30  3:19  Probe  
  31  3:24  Probe  
  32  3:31  Probe  
  33  3:34  Oracle (Chrono Boost)  
  33  3:36  Probe  
  37  3:43  Probe  
  37  3:44  Assimilator  
  38  3:48  Probe, Pylon  
  38  3:49  Assimilator  
  38  3:52  Stalker  
  38  3:55  Probe (Chrono Boost)  
  42  4:01  Probe (Chrono Boost), Pylon  
  43  4:05  Gateway  
  43  4:07  Probe (Chrono Boost)  
  43  4:08  Gateway, Void Ray  
  44  4:12  Probe (Chrono Boost)  
  44  4:15  Probe (Chrono Boost)  
  50  4:18  Probe (Chrono Boost)  
  51  4:25  Probe  
  51  4:28  Probe  
  53  4:38  Forge  
  53  4:39  Forge  
  53  4:43  Pylon  
  53  5:03  Void Ray  
  53  5:06  Probe x2  
  55  5:07  Stalker x3  
  55  5:13  Protoss Ground Weapons Level 1, Protoss Ground Armor Level 1  
  65  5:26  Shield Battery  
  65  5:27  Probe  
  65  5:28  Probe, Shield Battery  
  67  5:30  Pylon  
  67  5:40  Void Ray  
  71  5:51  Stalker  
  70  6:05  Pylon  
  70  6:08  Photon Cannon  
  70  6:21  Probe x2, Void Ray  
  70  6:22  Zealot x3  
  70  6:23  Gateway  
  70  6:24  Pylon  
  82  6:35  Twilight Council  
  82  6:59  Stalker x2  
  86  7:13  Zealot  
  88  7:21  Protoss Ground Weapons Level 2 (Chrono Boost), Protoss Ground Armor Level 2 (Chrono Boost)  
  88  7:23  Zealot x3  
  88  7:24  Void Ray  
  88  7:25  Nexus  
  88  7:27  Assimilator  
  94  7:31  Charge  
  94  7:32  Assimilator  
  94  7:34  Pylon  
  94  7:37  Pylon  
  98  7:39  Protoss Air Weapons Level 1  
  98  7:41  Pylon  
  98  7:43  Stalker  
  100  7:52  Robotics Facility  
  100  7:58  Fleet Beacon  
  100  8:03  Templar Archives  
  100  8:05  Stalker x2  
  104  8:06  Pylon  
  104  8:11  Probe x2  
  106  8:13  Void Ray  
  110  8:23  Probe x2  
  112  8:44  Stalker x4  
  118  9:13  Carrier (Chrono Boost)  
  124  9:21  Probe x3  
  124  9:23  Stalker x4  
  135  9:26  Immortal, Protoss Air Weapons Level 2  
  139  9:33  Probe  
  140  9:41  Probe x2  
  140  9:45  Pylon  
  142  9:50  Zealot x2  
  146  9:59  Protoss Ground Weapons Level 3 (Chrono Boost)  
  146  10:07  Shield Battery  
  146  10:10  Zealot x2  
  146  10:11  Carrier (Chrono Boost)  
  156  10:22  Flux Vanes  
  156  10:28  Pylon  
  156  10:30  Pylon  
  156  10:39  Blink  
  156  10:44  Observer  
  156  10:46  Nexus  
  156  10:47  Pylon  
  157  10:56  Robotics Bay  
  157  11:02  Carrier  
  163  11:12  Assimilator  
  163  11:17  Assimilator  
  163  11:18  High Templar  
  163  11:19  High Templar x2  
  163  11:21  Pylon  
  163  11:23  Zealot  
  163  11:24  Pylon  
  171  11:42  Gateway  
  171  11:43  Gateway  
  171  11:45  Gateway  
  171  11:47  Gateway  
  171  11:49  Pylon  
  123  12:26  Stalker x4  
  123  12:28  Probe  
  123  12:29  Probe x3  
  135  12:43  Archon  
Tags
 
Add a new tag
Caveats
  • Supply blocks, unpowered buildings, or Contaminate may cause inaccurate times.
  • Supply counts are checked every 10 seconds.